 Dungeon Crawl Stone Soup version 0.30.1-11-g7821555f0a (webtiles) character file.

Game seed: 1742933200129537362

194 Okkudo the Cleaver (level 5, -3/45 HPs)
             Began as a Hill Orc Monk on Dec 8, 2023.
             Slain by Pikel
             ... wielding a +1 whip of electrocution
              (13 damage)
             ... on level 4 of the Dungeon.
             The game lasted 00:06:28 (2417 turns).

Okkudo the Cleaver (Hill Orc Monk)                  Turns: 2417, Time: 00:06:28

Health: -3/45      AC: 11    Str: 16    XL:     5   Next: 73%
Magic:  5/5        EV:  5    Int: 10    God:
Gold:   149        SH:  0    Dex: 13    Spells: 4/4 levels left

rFire   . . .        a - +0 hand axe
rCold   . . .        d - orb {light}
rNeg    . . .        i - +0 plate armour
rPois   .            (no helmet)
rElec   .            (no cloak)
rCorr   .            n - +0 pair of gloves
SInv    .            (no boots)
Will    .....        (no amulet) Stlth
                     (no ring)
HPRegen 0.27/turn    (no ring)
MPRegen 0.09/turn

%: no passive effects
@: glowing
A: no striking features
a: no special abilities


You were on level 4 of the Dungeon.
You visited 1 branch of the dungeon, and saw 4 of its levels.

You collected 149 gold pieces.

Inventory:

Hand Weapons
 a - a +0 hand axe (weapon)
Missiles
 q - 6 poisoned darts (quivered)
Armour
 d - an orb of light (worn)
 i - a +0 plate armour (worn)
 n - a +0 pair of gloves (worn)
Jewellery
 s - a ring of willpower
Scrolls
 e - 2 scrolls of teleportation {unknown}
 f - 3 scrolls of identify {unknown}
 h - 2 scrolls of magic mapping {unknown}
 l - a scroll of fear {unknown}
 m - 3 scrolls of fog {unknown}
 o - a scroll of poison {unknown}
Potions
 b - a potion of mutation {unknown}
 g - a potion of flight {unknown}
 j - 2 potions of lignification {unknown}
 k - 2 potions of degeneration {unknown}
 p - 3 potions of curing {unknown}
 r - 2 potions of heal wounds {unknown}


   Skills:
 - Level 3.6 Fighting
 * Level 8.2 Axes
 - Level 2.4 Dodging


You had 4 spell levels left.
You didn't know any spells.
Your spell library was empty.

Dungeon Overview and Level Annotations

Branches:
Dungeon (4/15)
 Temple: D:4-7

Altars:
Hepliaklqana

Annotations:
D:4 Pikel


Message History

Pikel is heavily wounded.
Pikel hits you with a +1 whip of electrocution.
You are electrocuted!
You hit Pikel.
Pikel is heavily wounded.
Pikel hits you with a +1 whip of electrocution.
You hit Pikel but do no damage.
Pikel is heavily wounded.
Pikel hits you with a +1 whip of electrocution!
* * * LOW HITPOINT WARNING * * *
You are confused.
You feel invigorated. Pikel barely misses you.
You hit Pikel.
Pikel is severely wounded.
Pikel hits you with a +1 whip of electrocution!
* * * LOW HITPOINT WARNING * * *
You barely miss Pikel.
Pikel is severely wounded.
Pikel hits you but does no damage.
You closely miss Pikel.
Pikel is severely wounded.
You feel less invigorated.
You feel less confused. Pikel hits you but does no damage.
You barely miss Pikel.
Pikel is severely wounded.
You hit Pikel.
Pikel is severely wounded.
Pikel hits you with a +1 whip of electrocution.
You hit Pikel.
Pikel is almost dead.
Pikel hits you with a +1 whip of electrocution.
You closely miss Pikel.
Pikel is almost dead.
Pikel hits you with a +1 whip of electrocution.
* * * LOW HITPOINT WARNING * * *
You hit Pikel.
Pikel is almost dead.
Pikel hits you but does no damage.
You are electrocuted!
You die...

...### ###........>...........#
..................#..##########
....####.........###..#
#........#######.# ##.####
#...######## #.# #....#
...........#####.# #....#
......####....##.####....#
......# ####....##......#
......##........@K5K#....#
.)....#..#######.####....#
........# #.# ###### ##..<.###
..# ...##.# ...# ..## .# #..<#
.. .. ....# .. ... ##...# ..
....


You could see Pikel, a lemure and a kobold.

Vanquished Creatures
  2 lemures (D:4)
  A jelly (D:4)
  An orc wizard (D:3)
  6 adders
  A worm (D:4)
  3 dart slugs (D:1)
  6 orcs (D:3)
  3 endoplasms
  2 giant cockroaches
  8 hobgoblins
  10 kobolds
  A quokka (D:1)
  7 ball pythons
  4 bats
  8 frilled lizards
  4 goblins
  5 rats
72 creatures vanquished.

Notes
Turn   | Place    | Note
-------+----------+-------------------------------------------
     0 | D:1      | Okkudo the Hill Orc Monk began the quest for the Orb.
     0 | D:1      | Reached XP level 1. HP: 19/19 MP: 1/1
    50 | D:1      | Reached XP level 2. HP: 21/26 MP: 2/2
   118 | D:1      | Reached skill level 5 in Axes
   195 | D:1      | Found a faded altar of an unknown god.
   281 | D:1      | Reached XP level 3. HP: 20/31 MP: 3/3
   674 | D:2      | Reached skill level 6 in Axes
   811 | D:2      | Found a hazy altar of Hepliaklqana.
   913 | D:2      | Reached XP level 4. HP: 39/39 MP: 4/4
  1139 | D:2      | Identified the staff of cold "Heicas" {rC+ Str+3 Dex+3}
  1621 | D:3      | Reached skill level 7 in Axes
  1624 | D:3      | Reached XP level 5. HP: 38/45 MP: 5/5
  2161 | D:4      | Noticed a lemure
  2161 | D:4      | Noticed a lemure
  2217 | D:4      | Killed a lemure
  2225 | D:4      | Killed a lemure
  2319 | D:4      | Reached skill level 8 in Axes
  2381 | D:4      | Noticed a lemure
  2383 | D:4      | Noticed Pikel
  2417 | D:4      | Slain by Pikel

Illustrated notes

Levels and vault maps discovered:
D:1:      minmay_arrival_wavy_path, layout_rooms,
          shapermc_ecumenical_altar_mp_urbaneastern
D:2:      layout_basic, basic_altar
D:3:      layout_loops_corners, minmay_quantized
D:4:      layout_rooms, uniq_grinder, uniq_pikel

Skill      XL: |  1  2  3  4  5 |
---------------+----------------+-----
Axes           | 5 6 7 8 |  8.2
Fighting       | |  3.6
Dodging        | |  2.4

Action                     |  1- 3 |  4- 6 || total
---------------------------+-------+-------++-------
  Melee: Hand axe          |   125 |   143 ||   268
  Throw: Javelin           |       |     2 ||     2
    Use: Potion            |       |     1 ||     1
 Armour: Robe              |     8 |       ||     8
         Plate armour      |    33 |    71 ||   104
         Leather armour    |    10 |       ||    10
  Dodge: Dodged            |    52 |    21 ||    73
